 Dungeon Crawl Stone Soup version 0.18.1-48-g4cf74bf (webtiles) character file.

134 pokedragonboy the Conjurer (level 4, -1/35 HPs)
             Began as a Draconian Conjurer on Sept 2, 2016.
             Slain by an ice beast (7 damage)
             ... on level 7 of the Dungeon on Sept 3, 2016.
             The game lasted 00:25:35 (2709 turns).

pokedragonboy the Conjurer (Draconian Conjurer)     Turns: 2709, Time: 00:25:37

Health: -1/35      AC:  5    Str: 10    XL:     4   Next: 95%
Magic:  5/8        EV: 12    Int: 19    God:
Gold:   69         SH:  0    Dex: 12    Spells: 3 memorised, 2 levels left

rFire  . . .     SeeInvis .     m - +4 dagger
rCold  . . .     Gourm    .     (armour unavailable)
rNeg   . . .     Faith    .     (no shield)
rPois  .         Spirit   .     (helmet restricted)
rElec  .         Dismiss  .     (no cloak)
rCorr  .         Reflect  .     (no gloves)
SustAt .         Harm     .     (no boots)
MR     .....                    (no amulet)
Stlth  ++........               (no ring)
                                f - +3 ring of intelligence

@: slowed, very slow, not resistant to hostile enchantments, unstealthy
A: unfitting armour, cold-blooded, AC +5
a: no special abilities


You were on level 7 of the Dungeon.
You were not hungry.

You visited 1 branch of the dungeon, and saw 6 of its levels.

You collected 69 gold pieces.

Inventory:

Hand Weapons
 d - a +0 whip
 j - a +0 dagger
 k - a +2 dagger of holy wrath
 m - a +4 dagger (weapon)
Armour
 e - a +0 robe
Jewellery
 f - a +3 ring of intelligence (left hand)
Scrolls
 c - 4 scrolls of identify
 n - a scroll of fog
 o - a scroll of recharging {unknown}
Potions
 g - a potion of curing {unknown}
 l - 2 potions of heal wounds {unknown}
Books
 a - a book of Conjurations

   Spells                             Type                      Level
   a - Magic Dart                     Conjuration                  1
   b - Searing Ray                    Conjuration                  2
   c - Dazzling Spray                 Conjuration/Hexes            3
   d - Fulminant Prism                Conjuration/Hexes            4
   e - Iskenderun's Mystic Blast      Conjuration                  4
   f - Iskenderun's Battlesphere      Conjuration/Charms           5
 h - a book of Annihilations

   Spells                             Type                      Level
   a - Poison Arrow                   Conjuration/Poison           6
   b - Chain Lightning                Conjuration/Air              8
   c - Lehudib's Crystal Spear        Conjuration/Earth            8
   d - Glaciate                       Conjuration/Ice              9
   e - Fire Storm                     Conjuration/Fire             9
Comestibles
 b - a bread ration
 i - a beef jerky


   Skills:
 + Level 1.0 Fighting
 + Level 0.6 Maces & Flails
 + Level 2.4 Dodging
 + Level 2.1 Stealth
 + Level 2.6 Spellcasting
 + Level 5.2 Conjurations


You had 2 spell levels left.
You knew the following spells:

 Your Spells              Type           Power        Failure   Level  Hunger
a - Magic Dart            Conj           ###.         1%          1    None
b - Searing Ray           Conj           ###...       3%          2    ##.....
c - Dazzling Spray        Conj/Hex       ##....       17%         3    ###....


Dungeon Overview and Level Annotations

Branches:
Dungeon (7/15)
 Temple: D:4-7

Altars:
Fedhas
Gozag
Kikubaaqudgha
Nemelex Xobeh


Innate Abilities, Weirdness & Mutations

Your plain brown scales are hard (AC +5).
Your body does not fit into most forms of armour.
You are cold-blooded and may be slowed by cold attacks.


Message History

An ice beast is nearby!
You hit the ice beast.
Your tail-slap misses the ice beast.
The ice beast is lightly wounded.
The ice beast closely misses you.
You hit the ice beast.
Your tail-slap misses the ice beast.
The ice beast is lightly wounded.
You feel yourself speed up. The ice beast misses you.
The ice beast closely misses you.
You barely miss the ice beast.
Your tail-slap misses the ice beast.
The ice beast is lightly wounded.
The ice beast hits you. The ice beast freezes you!
You feel yourself slow down.
* * * LOW HITPOINT WARNING * * *
You hit the ice beast.
You tail-slap the ice beast, but do no damage.
The ice beast is lightly wounded.
The ice beast hits you.
* * * LOW HITPOINT WARNING * * *
The ice beast freezes you!
You feel as though you will be slow longer.
You die...

###.#### #.#
## .. ###.###
.# .. #.....#
.# #. #.#.#.#
.# #. #.#.#.#
.###. ##
#.#.#.# .##.##
#.# ##...Y.##
.##..###..
#...@...#
......#.#
#.##.##.#
.##..#.##.###.
#.. .#
.##..........
.... #
.##..####.##
#....
.##.......#
#.#..#
.#####)####
....?. .# #<#
..#.#.# .#
#.%.#


You could see an ice beast.

Vanquished Creatures
  A crimson imp (D:7)
  3 adders
  5 worms
  A dart slug (D:2)
  A giant gecko (D:3)
  An orc (D:7)
  4 giant cockroaches
  13 goblins
  6 hobgoblins
  A quokka (D:3)
  6 bats
  3 giant newts
  5 kobolds
  6 rats
  4 fungi (D:2)
60 creatures vanquished.

Notes
Turn   | Place    | Note
--------------------------------------------------------------
     0 | D:1      | pokedragonboy the Draconian Conjurer began the quest for the Orb.
     0 | D:1      | Reached XP level 1. HP: 14/14 MP: 3/3
   639 | D:1      | Reached XP level 2. HP: 20/20 MP: 0/5
   682 | D:1      | Learned a level 2 spell: Searing Ray
  1136 | D:2      | Reached XP level 3. HP: 12/26 MP: 2/6
  1153 | D:2      | Learned a level 3 spell: Dazzling Spray
  1555 | D:2      | Reached skill level 5 in Conjurations
  1841 | D:2      | Found a blossoming altar of Fedhas.
  1976 | D:2      | Found an ancient bone altar of Kikubaaqudgha.
  2022 | D:2      | Reached XP level 4. HP: 30/34 MP: 1/7
  2481 | D:3      | Found a sparkling altar of Nemelex Xobeh.
  2481 | D:3      | Found an opulent altar of Gozag.
  2541 | D:3      | Reached skill level 1 in Fighting
  2589 | D:3      | You fall through a shaft for 2 floors!
  2589 | D:5      | Entered Level 5 of the Dungeon
  2703 | D:7      | Noticed an ice beast
  2709 | D:7      | Slain by an ice beast

Skill      XL: |  1  2  3  4 |
---------------+-------------+-----
Dodging        | 2 |  2.4
Conjurations   | 5 |  5.2
Stealth        | 2 |  2.1
Fighting       | 1 |  1.0
Maces & Flails | |  0.6
Spellcasting   | |  2.6

Action                   |  1- 3 |  4- 6 || total
-------------------------+-------+-------++-------
Melee: Whip              |    28 |       ||    28
       Tailslap          |    19 |     2 ||    21
       Dagger            |    85 |    17 ||   102
 Cast: Magic Dart        |    52 |    19 ||    71
       Searing Ray       |     6 |     1 ||     7
  Use: Scroll            |       |     5 ||     5
  Eat: Chunk             |     1 |       ||     1
       Meat ration       |     1 |       ||     1
       Bread ration      |       |     1 ||     1
Armor: Skin              |    13 |    15 ||    28
Dodge: Dodged            |    35 |    18 ||    53
